 Dungeon Crawl Stone Soup version 0.31-a0-626-g8143ab4f1d (webtiles) character file.

Game seed: 11608453442104687147

21 Joey1 the Changeling (level 2, -3/24 HPs)
             Began as a Merfolk Shapeshifter on Aug 24, 2023.
             Slain by a cerulean imp
             ... wielding a +0 spear
             ... summoned by Natasha
              (5 damage)
             ... on level 2 of the Dungeon.
             The game lasted 00:01:10 (674 turns).

Joey1 the Changeling (Merfolk Shapeshifter)          Turns: 674, Time: 00:01:10

Health: -3/24      AC:  2    Str: 15    XL:     2   Next: 87%
Magic:  2/2        EV: 12    Int:  7    God:
Gold:   55         SH:  0    Dex: 14    Spells: 1/1 levels left

rFire   . .          .
                       - Unarmed
rCold   . . .        (no shield)
rNeg    . . .        a - +0 animal skin
rPois   .            (helmet currently unavailable)
rElec   .            (cloak currently unavailable)
rCorr   .            (gloves currently unavailable)
SInv    .            (boots currently unavailable)
Will    .....        (no amulet)
Stlth   +            (no ring)
HPRegen 0.24/turn    (no ring)
MPRegen 0.08/turn

%: no passive effects
@: beast-form
A: beast (slay +2), (nimble swimmer 2), mertail
a: Begin Untransformation


You were on level 2 of the Dungeon.
You were a hulking beast.
You visited 1 branch of the dungeon, and saw 2 of its levels.

You collected 55 gold pieces.

Inventory:

Armour
 a - a +0 animal skin (worn)
Jewellery
 i - an amulet of magic regeneration
Talismans
 c - a beast talisman (active)
 d - a flux talisman
Scrolls
 f - a scroll of teleportation {unknown}
 g - a scroll of enchant weapon {unknown}
 j - a scroll of revelation {unknown}
Potions
 b - a potion of lignification
 e - a potion of haste {unknown}
 h - a potion of ambrosia {unknown}
 k - 2 potions of heal wounds {unknown}


   Skills:
 + Level 3.0 Fighting
 - Level 2.6 Dodging
 - Level 3.2 Unarmed Combat
 - Level 4.0 Shapeshifting


You had one spell level left.
You didn't know any spells.
Your spell library contained the following spells:

 Spells                   Type           Power      Damage    Failure   Level
 Ozocubu's Armour         Ice            0%         N/A       80%         3
 Ozocubu's Refrigeration  Ice            0%         4d7       100%        7


Dungeon Overview and Level Annotations

Branches:
Dungeon (2/15)

Altars:

Annotations:
D:2 Natasha


Innate Abilities, Weirdness & Mutations

You are a hulking beast.
Your limbs bulge with bestial killing power. (Slay +2)
((You are very nimble when in or above water. (Stealth+, EV+, Speed+++)))
Your lower body shifts to a powerful aquatic tail in water.


Message History

Natasha glows brightly for a moment.
The cerulean imp barely misses you.
Unknown command.
You barely miss the cerulean imp.
The cerulean imp is lightly wounded.
Natasha mumbles some strange words.
The cerulean imp hits you with a +0 spear.
Unknown command.
You closely miss the cerulean imp.
The cerulean imp is lightly wounded.
The cerulean imp hits you but does no damage.
You hit the cerulean imp.
The cerulean imp is heavily wounded.
Natasha mumbles some strange words.
The cerulean imp misses you. The cerulean imp barely misses you.
You barely miss the cerulean imp.
The cerulean imp is heavily wounded.
The cerulean imp hits you with a +2 spear.
The cerulean imp closely misses you.
You closely miss the cerulean imp.
The cerulean imp is heavily wounded.
The cerulean imp hits you with a +2 spear.
The cerulean imp hits you with a +0 spear.
Unknown command.
You are too injured to fight recklessly!
You are too injured to fight recklessly!
Unknown command.
You are too injured to fight recklessly!
You are too injured to fight recklessly!
Unknown command.
You are too injured to fight recklessly!
You hit the cerulean imp.
The cerulean imp is heavily wounded.
The cerulean imp barely misses you.
The cerulean imp hits you with a +0 spear.
* * * LOW HITPOINT WARNING * * *
The cerulean imp hits you from afar with a +2 spear.
* * * LOW HITPOINT WARNING * * *
The cerulean imp hits you from afar with a +0 spear.
You die...

#.#.#.......# #.#
#
######.#.#.......#
..#####
..................
.......
########.####..#.#
...#### ##.##
..... ####...# .#.
. +..'...# ##. #
####...# ..<.####
#..h# #......
#...# #......
#...55h5....
...#....
#######...## #
#.... .... #....
... +.... .. #....
. #.... #####


You could see 2 cerulean imps.

Vanquished Creatures
  A dart slug (D:1)
  An endoplasm (D:1)
  3 goblins (D:1)
  3 hobgoblins
  2 jackals (D:1)
  A kobold (D:2)
  2 quokkas
  A ball python (D:2)
  A bat (D:1)
  A frilled lizard (D:1)
  A rat (D:2)
17 creatures vanquished.

Notes
Turn   | Place    | Note
-------+----------+-------------------------------------------
     0 | D:1      | Joey1 the Merfolk Shapeshifter began the quest for the Orb.
     0 | D:1      | Reached XP level 1. HP: 15/15 MP: 1/1
   144 | D:1      | Reached XP level 2. HP: 22/22 MP: 2/2
   659 | D:2      | Noticed Natasha
   674 | D:2      | Slain by a cerulean imp

Illustrated notes

Levels and vault maps discovered:
D:1:      heliophobic_arrival_enchanted_forest, layout_basic
D:2:      layout_basic, uniq_natasha, uniq_sigmund

Skill      XL: |  1  2 |
---------------+-------+-----
Fighting       | 2 3 |  3.0
Dodging        | |  2.6
Unarmed Combat | |  3.2
Shapeshifting  | |  4.0

Action                     || total
---------------------------++-------
  Melee: Unarmed           ||    52
   Stab: Distracted        ||     1
 Armour: Animal skin       ||    10
  Dodge: Dodged            ||    34

Table legend: (Time is in decaauts)
 A = Elapsed time spent in this place.
 B = Non-inter-level travel time spent in this place.
 C = Inter-level travel time spent in this place.
 D = Time resting spent in this place.
 E = Time spent auto-exploring this place.
 F = Levels seen in this place.
 G = Mean time per level.
                   A        B        C        D        E       F      G
               +--------+--------+--------+--------+--------+-----+--------+
         Total |    670 |    645 |     25 |      0 |    518 |   2 |  335.0 |
       Dungeon |    670 |    645 |     25 |      0 |    518 |   2 |  335.0 |
               +--------+--------+--------+--------+--------+-----+--------+

Top non-repeatable levels by time:
     D:1: 515 daAuts
     D:2: 154 daAuts
